MLB
COLORADO ROCKIES @ MILWAUKEE BREWERS
06/16/2098
 
TOP OF THE 1ST
Colorado Rockies batting - Pitching for Milwaukee Brewers : LHP Tim Cockfield
Pitching: LHP Tim Cockfield
Batting: LHB Glenn Sewell 0-0: Ball
1-0: Ball
2-0: Foul Ball, location: 2F
2-1: Fly out, F8 (Flyball, 8RXD, EV 93.8 MPH)
Batting: RHB Mike Woodard 0-0: Called Strike
0-1: Ball
1-1: Called Strike
1-2: Foul Ball, location: 2F
1-2: Strikes out swinging
Batting: RHB Kosuke Sakai 0-0: Called Strike
0-1: Ball
1-1: Called Strike
1-2: DOUBLE (Flyball, 9LD, EV 102.5 MPH)
Batting: RHB Tony Thomas 0-0: Called Strike
0-1: Swinging Strike
0-2: Ball
1-2: Ball
2-2: Ball
3-2: Base on Balls
Batting: LHB Jeremy Papish 0-0: Foul Ball, location: 2F
0-1: TRIPLE (Groundball, 3L, EV 108.8 MPH)
Kosuke Sakai scores
Tony Thomas scores
Batting: RHB Orlando Serrano 0-0: Foul Ball, location: 9LDF
0-1: Ball
1-1: Swinging Strike
1-2: Foul Ball, location: 5FF
1-2: Ball
2-2: Foul Ball, location: 3SF
2-2: Ball
3-2: Foul Ball, location: 5FF
3-2: Base on Balls
Batting: LHB Jim Davis 0-0: Called Strike
0-1: SINGLE (Groundball, 4MD, EV 98.1 MPH)
Jeremy Papish scores
Orlando Serrano to second
Runner from 2nd tries for 3rd, OUT! 8-5
Top of the 1st over - 3 runs, 3 hits, 0 errors, 1 left on base; Colorado 3 - Milwaukee 0
BOTTOM OF THE 1ST
Milwaukee Brewers batting - Pitching for Colorado Rockies : RHP Wally Sharp
Pitching: RHP Wally Sharp
Batting: RHB Byron Weaver 0-0: Called Strike
0-1: Ball
1-1: Ball
2-1: Ball
3-1: Foul Ball, location: 2F
3-2: Fly out, F8 (Line Drive, 8LM, EV 86.3 MPH)
Batting: LHB Alex Cruz 0-0: Foul Ball, location: 7LMF
0-1: Foul Ball, location: 2F
0-2: Ball
1-2: Fly out, F7 (Flyball, 7LSF, EV 76.9 MPH)
Batting: RHB Joe Hardie 0-0: Ball
1-0: Ball
2-0: SINGLE (Groundball, 34D, EV 95.6 MPH)
Batting: RHB Johnny Curet 0-0: Ball
Joe Hardie steals 2nd base
1-0: Ball
2-0: Called Strike
2-1: 2-RUN HOME RUN (Flyball, 7LD, EV 94.4 MPH), Distance : 364 ft
Batting: SHB Jamie Saxton 0-0: Foul Ball, location: 2F
0-1: Ball
1-1: Swinging Strike
1-2: Ball
2-2: Ball
3-2: Base on Balls
Batting: RHB Nate Todaro 0-0: Called Strike
0-1: Ball
1-1: Ball
2-1: Foul Ball, location: 2F
2-2: Foul Ball, location: 9LDF
2-2: Ball
3-2: Strikes out swinging
Bottom of the 1st over - 2 runs, 2 hits, 0 errors, 1 left on base; Colorado 3 - Milwaukee 2
TOP OF THE 2ND
Colorado Rockies batting - Pitching for Milwaukee Brewers : LHP Tim Cockfield
Batting: RHB Brenden Oxton 0-0: Ball
1-0: Foul Ball, location: 2F
1-1: Fly out, F8 (Flyball, 8RM, EV 94.4 MPH)
Batting: RHB John Stevens 0-0: Ball
1-0: Ground out 4-3 (Groundball, 4, EV 83.8 MPH)
Batting: LHB Glenn Sewell 0-0: Ball
1-0: Called Strike
1-1: Ball
2-1: Called Strike
2-2: Ground out 1-4-3 (Groundball, 15S, EV 81.3 MPH)
Top of the 2nd over - 0 runs, 0 hits, 0 errors, 0 left on base; Colorado 3 - Milwaukee 2
BOTTOM OF THE 2ND
Milwaukee Brewers batting - Pitching for Colorado Rockies : RHP Wally Sharp
Batting: RHB Dennis Adams 0-0: Called Strike
0-1: Ball
1-1: Swinging Strike
1-2: Foul Ball, location: 2RF
1-2: Ball
2-2: Strikes out swinging
Batting: RHB Vinny Prestage 0-0: Ball
1-0: SINGLE (Line Drive, 7S, EV 102.5 MPH)
Batting: SHB Josh Harder 0-0: Ball
1-0: Ball
2-0: Foul Ball, location: 2F
2-1: Called Strike
2-2: Ball
3-2: Base on Balls
Vinny Prestage to second
Batting: RHB Byron Weaver 0-0: Ball
1-0: Ball
2-0: Ball
3-0: Called Strike
3-1: Base on Balls
Vinny Prestage to third
Josh Harder to second
Batting: LHB Alex Cruz 0-0: Ball
1-0: Foul Ball, location: 3FF
1-1: Foul Ball, location: 7LMF
1-2: Fly out, F8 (Flyball, 8LM, EV 75.6 MPH)
Runner from 3rd tags up, SCORES, throw by CF
Batting: RHB Joe Hardie 0-0: Called Strike
0-1: Ground out 6-3 (Groundball, 6D, EV 110.6 MPH)
Bottom of the 2nd over - 1 run, 1 hit, 0 errors, 2 left on base; Colorado 3 - Milwaukee 3
TOP OF THE 3RD
Colorado Rockies batting - Pitching for Milwaukee Brewers : LHP Tim Cockfield
Pitching: LHP Mario Cisneros
Batting: RHB Mike Woodard 0-0: Ground out 6-3 (Groundball, 6, EV 97.5 MPH)
Batting: RHB Kosuke Sakai 0-0: Ball
1-0: Ball
2-0: Called Strike
2-1: Swinging Strike
2-2: Ball
3-2: Strikes out looking
Batting: RHB Tony Thomas 0-0: Ball
1-0: Ball
2-0: Called Strike
2-1: Foul Ball, location: 9LSF
2-2: Strikes out looking
Top of the 3rd over - 0 runs, 0 hits, 0 errors, 0 left on base; Colorado 3 - Milwaukee 3
BOTTOM OF THE 3RD
Milwaukee Brewers batting - Pitching for Colorado Rockies : RHP Wally Sharp
Batting: RHB Johnny Curet 0-0: Ball
1-0: Foul Ball, location: 2F
1-1: Ball
2-1: Foul Ball, location: 25F
2-2: Strikes out swinging
Batting: SHB Jamie Saxton 0-0: Ball
1-0: Ball
2-0: Swinging Strike
2-1: Ball
3-1: Swinging Strike
3-2: Ground out 4-3 (Groundball, 4, EV 108.1 MPH)
Batting: RHB Nate Todaro 0-0: Foul Ball, location: 2F
0-1: Ball
1-1: Ball
2-1: Called Strike
2-2: SINGLE (Line Drive, 78S, EV 85.0 MPH)
Batting: RHB Dennis Adams 0-0: Ball
1-0: Called Strike
1-1: Foul Ball, location: 7LMFF
1-2: Ball
2-2: Strikes out swinging
Bottom of the 3rd over - 0 runs, 1 hit, 0 errors, 1 left on base; Colorado 3 - Milwaukee 3
TOP OF THE 4TH
Colorado Rockies batting - Pitching for Milwaukee Brewers : LHP Mario Cisneros
Batting: LHB Jeremy Papish 0-0: Ball
1-0: Fly out, F8 (Flyball, 78M, EV 90.0 MPH)
Batting: RHB Orlando Serrano 0-0: Ball
1-0: Ball
2-0: Ground out 6-3 (Groundball, 6, EV 68.8 MPH)
Batting: LHB Jim Davis 0-0: Called Strike
0-1: Called Strike
0-2: SINGLE (Line Drive, 78S, EV 96.9 MPH)
Batting: RHB Brenden Oxton 0-0: Foul Ball, location: 9LSF
0-1: Ball
1-1: Ball
2-1: Ball
3-1: Foul Ball, location: 3FF
3-2: Strikes out swinging, 2-3 out at first.
Top of the 4th over - 0 runs, 1 hit, 0 errors, 1 left on base; Colorado 3 - Milwaukee 3
BOTTOM OF THE 4TH
Milwaukee Brewers batting - Pitching for Colorado Rockies : RHP Wally Sharp
Batting: RHB Vinny Prestage 0-0: Called Strike
0-1: Ball
1-1: Foul Ball, location: 25F
1-2: Ball
2-2: Reached on error, E4 (Groundball, 4, EV 88.1 MPH)
Pitching: RHP Matthew Hodge
Batting: SHB Josh Harder 0-0: Ball
1-0: Bunted foul
1-1: Foul Ball, location: 2F
1-2: Strikes out swinging
Batting: RHB Byron Weaver 0-0: Fly out, F7 (Flyball, 7, EV 84.4 MPH)
Batting: LHB Alex Cruz 0-0: Ball
1-0: Ball
2-0: Ball
3-0: Base on Balls
Vinny Prestage to second
Batting: RHB Joe Hardie 0-0: Ball
1-0: Called Strike
1-1: Swinging Strike
1-2: Strikes out looking
Bottom of the 4th over - 0 runs, 0 hits, 1 error, 2 left on base; Colorado 3 - Milwaukee 3
TOP OF THE 5TH
Colorado Rockies batting - Pitching for Milwaukee Brewers : LHP Mario Cisneros
Batting: RHB John Stevens 0-0: Ball
1-0: Swinging Strike
1-1: Ground out 3-1 (Groundball, 34S, EV 82.5 MPH)
Batting: LHB Glenn Sewell 0-0: SINGLE (Flyball, 8LS, EV 90.0 MPH)
Pitching: LHP Mike Baxter
Batting: RHB Mike Woodard 0-0: SINGLE (Line Drive, 9S, EV 105.0 MPH)
Glenn Sewell to second
Batting: RHB Kosuke Sakai 0-0: Ball
1-0: Ball
2-0: Ball
Wild Pitch!
Glenn Sewell to third
Mike Woodard to second
3-0: SINGLE (Flyball, 8RS, EV 95.0 MPH)
Glenn Sewell scores
Mike Woodard to third
Runner from 3rd tries for Home, SAFE, throw by CF to home
Batting: RHB Tony Thomas 0-0: Called Strike
0-1: Ball
1-1: Fly out, F8 (Line Drive, 8LS, EV 101.3 MPH)
Batting: LHB Jeremy Papish 0-0: Ball
1-0: Ball
2-0: SINGLE (Line Drive, 56D, EV 106.9 MPH)
Kosuke Sakai to second
Batting: RHB Orlando Serrano 0-0: Ball
1-0: Ball
2-0: Swinging Strike
2-1: Swinging Strike
2-2: DOUBLE (Flyball, 8LXD, EV 104.4 MPH)
Kosuke Sakai scores
Jeremy Papish to third
Runner from 3rd tries for Home, SAFE, throw by CF to trailing runner, OUT at third! 8-3-5
Top of the 5th over - 4 runs, 5 hits, 0 errors, 0 left on base; Colorado 7 - Milwaukee 3
BOTTOM OF THE 5TH
Milwaukee Brewers batting - Pitching for Colorado Rockies : RHP Matthew Hodge
Batting: RHB Johnny Curet 0-0: Fly out, F8 (Flyball, 8LM, EV 86.9 MPH)
Batting: SHB Jamie Saxton 0-0: Ball
1-0: Called Strike
1-1: Ball
2-1: Called Strike
2-2: Strikes out swinging, 2-3 out at first.
Batting: RHB Nate Todaro 0-0: Called Strike
0-1: Foul Ball, location: 3FF
0-2: Ball
1-2: Foul Ball, location: 5F
1-2: Ball
2-2: DOUBLE (Flyball, 89D, EV 90.6 MPH)
Batting: RHB Dennis Adams 0-0: Ball
1-0: Ball
2-0: Swinging Strike
2-1: Foul Ball, location: 2F
2-2: SINGLE (Line Drive, 56D, EV 102.5 MPH)
Nate Todaro to third
Runner from 3rd tries for Home, SAFE, throw by LF to home
Dennis Adams to second
Pitching: RHP Doug Craig
Batting: RHB Vinny Prestage 0-0: Called Strike
0-1: Called Strike
0-2: Ball
1-2: Ball
2-2: Strikes out looking
Bottom of the 5th over - 1 run, 2 hits, 0 errors, 1 left on base; Colorado 7 - Milwaukee 4
TOP OF THE 6TH
Colorado Rockies batting - Pitching for Milwaukee Brewers : LHP Mike Baxter
Pitching: RHP Jon Bartolone
Batting: LHB Jim Davis 0-0: Called Strike
0-1: Swinging Strike
0-2: Ball
1-2: Ground out 4-3 (Groundball, 4S, EV 80.0 MPH)
Batting: RHB Brenden Oxton 0-0: Ball
1-0: Foul Ball, location: 23F
1-1: Ball
2-1: Ball
3-1: Base on Balls
Batting: RHB John Stevens 0-0: Called Strike
0-1: Ball
1-1: Swinging Strike
1-2: Ball
2-2: Foul Ball, location: 23F
2-2: Strikes out looking
Batting: LHB Glenn Sewell 0-0: Ball
1-0: Ball
2-0: Called Strike
2-1: Foul Ball, location: 3F
2-2: Ball
3-2: DOUBLE (Flyball, 8LXD, EV 113.1 MPH)
Brenden Oxton to third
Brenden Oxton scores
Batting: RHB Mike Woodard 0-0: 2-RUN HOME RUN (Flyball, 9D, EV 105.6 MPH), Distance : 393 ft
Pitching: RHP Bob McDonald
Batting: RHB Kosuke Sakai 0-0: Ball
1-0: Swinging Strike
1-1: Ball
2-1: Called Strike
2-2: Strikes out swinging
Top of the 6th over - 3 runs, 2 hits, 0 errors, 0 left on base; Colorado 10 - Milwaukee 4
BOTTOM OF THE 6TH
Milwaukee Brewers batting - Pitching for Colorado Rockies : RHP Doug Craig
Batting: SHB Josh Harder 0-0: Called Strike
0-1: Fly out, F7 (Flyball, 7LM, EV 96.3 MPH)
Batting: RHB Byron Weaver 0-0: Called Strike
0-1: Swinging Strike
0-2: Ball
1-2: Ball
2-2: Strikes out swinging
Batting: LHB Alex Cruz 0-0: Swinging Strike
0-1: Ball
1-1: Ground out 4-3 (Groundball, 4, EV 88.8 MPH)
Bottom of the 6th over - 0 runs, 0 hits, 0 errors, 0 left on base; Colorado 10 - Milwaukee 4
TOP OF THE 7TH
Colorado Rockies batting - Pitching for Milwaukee Brewers : RHP Bob McDonald
Batting: RHB Tony Thomas 0-0: Called Strike
0-1: Ball
1-1: Swinging Strike
1-2: Ball
2-2: Ground out 6-3 (Groundball, 6, EV 79.4 MPH)
Batting: LHB Jeremy Papish 0-0: Foul Ball, location: 5F
0-1: Ball
1-1: Foul Ball, location: 3F
1-2: Foul Ball, location: 2F
1-2: Strikes out swinging
Batting: RHB Orlando Serrano 0-0: Ball
1-0: Swinging Strike
1-1: Ball
2-1: Foul Ball, location: 2F
2-2: Foul Ball, location: 2F
2-2: Foul Ball, location: 2F
2-2: Ball
3-2: Foul Ball, location: 9LMF
3-2: Ground out 5-3 (Groundball, 56D, EV 99.4 MPH)
Top of the 7th over - 0 runs, 0 hits, 0 errors, 0 left on base; Colorado 10 - Milwaukee 4
BOTTOM OF THE 7TH
Milwaukee Brewers batting - Pitching for Colorado Rockies : RHP Doug Craig
Batting: RHB Joe Hardie 0-0: Ball
1-0: Ground out 6-3 (Groundball, 4M, EV 84.4 MPH)
Batting: RHB Johnny Curet 0-0: Called Strike
0-1: Called Strike
0-2: Strikes out swinging
Batting: SHB Jamie Saxton 0-0: Ball
1-0: Foul Ball, location: 9LDF
1-1: Ball
2-1: Foul Ball, location: 5F
2-2: Foul Ball, location: 7LDF
2-2: Ball
3-2: Base on Balls
Batting: RHB Nate Todaro 0-0: Ball
1-0: Ball
2-0: Fielders Choice at 2nd, 6-4 (Groundball, 6, EV 81.9 MPH)
Bottom of the 7th over - 0 runs, 0 hits, 0 errors, 1 left on base; Colorado 10 - Milwaukee 4
TOP OF THE 8TH
Colorado Rockies batting - Pitching for Milwaukee Brewers : RHP Bob McDonald
Pitching: RHP Adam Dungey
Batting: LHB Jim Davis 0-0: Called Strike
0-1: Foul Ball, location: 5F
0-2: Foul Ball, location: 5FF
0-2: Foul Ball, location: 5DF
0-2: Strikes out swinging
Batting: RHB Brenden Oxton 0-0: Ball
1-0: Foul Ball, location: 3F
1-1: Ball
2-1: Fly out, F7 (Flyball, 78S, EV 96.3 MPH)
Batting: RHB John Stevens 0-0: SINGLE (Groundball, 34D, EV 99.4 MPH)
Batting: LHB Glenn Sewell 0-0: Fly out, F7 (Flyball, 7LM, EV 91.3 MPH)
Top of the 8th over - 0 runs, 1 hit, 0 errors, 1 left on base; Colorado 10 - Milwaukee 4
BOTTOM OF THE 8TH
Milwaukee Brewers batting - Pitching for Colorado Rockies : RHP Doug Craig
Pitching: RHP Danny Dudley
Batting: RHB Dennis Adams 0-0: Ball
1-0: Swinging Strike
1-1: SINGLE (Line Drive, 9S, EV 97.5 MPH)
Batting: RHB Vinny Prestage 0-0: Ball
1-0: Grounds into double play, 5-4-3 (Groundball, 15, EV 88.1 MPH)
Batting: SHB Josh Harder 0-0: Called Strike
0-1: Ground out U3 (Groundball, 34S, EV 68.8 MPH)
Bottom of the 8th over - 0 runs, 1 hit, 0 errors, 0 left on base; Colorado 10 - Milwaukee 4
TOP OF THE 9TH
Colorado Rockies batting - Pitching for Milwaukee Brewers : RHP Adam Dungey
Batting: RHB Mike Woodard 0-0: Ball
1-0: Fly out, F8 (Line Drive, 8RD, EV 101.3 MPH)
Batting: RHB Kosuke Sakai 0-0: Ball
1-0: Called Strike
1-1: Called Strike
1-2: SINGLE (Groundball, 34D, EV 101.3 MPH)
Batting: RHB Tony Thomas 0-0: Fielders Choice at 2nd, 6-4 (Groundball, 56, EV 88.8 MPH)
Batting: LHB Jeremy Papish 0-0: Foul Ball, location: 23FF
0-1: Fly out, F9 (Line Drive, 89M, EV 85.6 MPH)
Top of the 9th over - 0 runs, 1 hit, 0 errors, 1 left on base; Colorado 10 - Milwaukee 4
BOTTOM OF THE 9TH
Milwaukee Brewers batting - Pitching for Colorado Rockies : RHP Danny Dudley
Batting: RHB Byron Weaver 0-0: Ball
1-0: Ball
2-0: Ground out 5-3 (Groundball, 56S, EV 68.1 MPH)
Batting: LHB Alex Cruz 0-0: Called Strike
0-1: Foul Ball, location: 2F
0-2: Ball
1-2: SINGLE (Line Drive, 4D, EV 96.9 MPH)
Batting: RHB Joe Hardie 0-0: Called Strike
0-1: Fly out, F9 (Flyball, 89D, EV 98.8 MPH)
Batting: RHB Johnny Curet 0-0: Ground out 4-3 (Groundball, 4, EV 85.6 MPH)
Bottom of the 9th over - 0 runs, 1 hit, 0 errors, 1 left on base; Colorado 10 - Milwaukee 4
Sunday, April 7th , 2024 - OOTP Baseball 24.11 Build 85